AoeStats
← obivan.kenobi

Lombardia

510108761Analyzed
2v2 RM · 4d ago on Sep 29, 2026· 17m 4s· 4 players
Game mode
Random Map
Map size
Medium (4 player)
Population
200
Speed
Normal
Resources
Standard
Victory
Conquest
Starting age
Dark Age
Ending age
Imperial Age
RankedLock teamsTeams togetherTeam positionsShared explorationLock speedFull tech treeHidden civsTurbo modeCheats
Victory
Defeat
🇨🇿 Spanish · Czechia
1063
+15
🇸🇰 Italians · Slovakia
1063
+15
🇫🇷 Malians · France
1043
-15
🇬🇧 Poles · United Kingdom
1034
-15
SGSCavalry80
5:16 Loom
10:11 Feudal Age
13:33 Wheelbarrow
13:32 Double-Bit Axe
13:30 Horse Collar
Ccosmic
10:19 Feudal Age
10:41 Man-at-Arms
12:59 Forging
13:54 Arson
14:57 Loom
15:19 Scale Mail Armor
obivan.kenobi
8:05 Loom
10:12 Feudal Age
11:13 Double-Bit Axe
11:20 Horse Collar
16:39 Scale Barding Armor
16:46 Forging
Cikolko.kenobi
5:54 Loom
10:01 Feudal Age
12:56 Forging
15:04 Horse Collar
15:23 Double-Bit Axe
Connection lost

Rejoining the realm…

Still unreachable

The connection could not be restored.

Session expired

The server has moved on; the page needs a fresh start.